 Dungeon Crawl Stone Soup version 0.21.1-1-g345015f (webtiles) character file.

93 inc the Shield-Bearer (level 4, 41/41 HPs)
             Began as a Gnoll Fighter on June 8, 2018.
             Quit the game on level 3 of the Dungeon.
             The game lasted 00:02:00 (1824 turns).

inc the Shield-Bearer (Gnoll Fighter)               Turns: 1824, Time: 00:02:01

Health: 41/41      AC:  9    Str: 18    XL:     4   Next: 61%
Magic:  5/5        EV:  8    Int: 11    God:
Gold:   149        SH: 10    Dex: 15    Spells: 5/5 levels left

rFire    . . .     SeeInvis .   a - +0 flail
rCold    . . .     Gourm    .   c - +0 shield
rNeg     . . .     Faith    .   b - +0 scale mail
rPois    .         Spirit   .   (no helmet)
rElec    .         Reflect  .   (no cloak)
rCorr    .         Harm     .   (no gloves)
MR       .....                  i - +0 pair of boots
Stlth    ..........             (no amulet)
HPRegen  0.13/turn              (no ring)
MPRegen  0.09/turn              (no ring)

@: no status effects
A: distributed training, fangs 1, strong nose
a: no special abilities


You were on level 3 of the Dungeon.
You were not hungry.

You visited 1 branch of the dungeon, and saw 3 of its levels.

You collected 149 gold pieces.

Inventory:

Hand Weapons
 a - a +0 flail (weapon)
Armour
 b - a +0 scale mail (worn)
 c - a +0 shield (worn)
 i - a +0 pair of boots (worn)
Jewellery
 q - a +5 ring of intelligence {unknown}
Scrolls
 g - 3 scrolls of enchant armour {unknown}
 k - a scroll of enchant weapon {unknown}
 l - a scroll of remove curse {unknown}
 n - a scroll of immolation {unknown}
 o - a scroll of amnesia {unknown}
 p - a scroll of identify {unknown}
Potions
 d - a potion of might
 e - a potion of invisibility {unknown}
 h - 2 potions of curing {unknown}
 j - a potion of mutation {unknown}
 m - 2 potions of brilliance {unknown}
Comestibles
 f - 3 rations
 r - 2 chunks of flesh


   Skills:
 + Level 6.6 Fighting
 + Level 1.2 Short Blades
 + Level 1.2 Long Blades
 + Level 1.2 Axes
 + Level 4.6 Maces & Flails
 + Level 1.2 Polearms
 + Level 1.2 Staves
 + Level 1.2 Slings
 + Level 1.2 Bows
 + Level 1.2 Crossbows
 + Level 1.2 Throwing
 + Level 6.6 Armour
 + Level 1.2 Dodging
 + Level 1.2 Stealth
 + Level 6.6 Shields
 + Level 1.2 Unarmed Combat
 + Level 1.2 Spellcasting
 + Level 1.0 Conjurations
 + Level 1.0 Hexes
 + Level 1.0 Charms
 + Level 1.0 Summonings
 + Level 1.0 Necromancy
 + Level 1.0 Translocations
 + Level 1.0 Transmutations
 + Level 1.0 Fire Magic
 + Level 1.0 Ice Magic
 + Level 1.0 Air Magic
 + Level 1.0 Earth Magic
 + Level 1.0 Poison Magic
 + Level 1.3 Invocations
 + Level 1.2 Evocations


You had 5 spell levels left.
You didn't know any spells.

Dungeon Overview and Level Annotations

Branches:
Dungeon (3/15)

Altars:
Dithmenos
Hepliaklqana
Nemelex Xobeh
Qazlal


Innate Abilities, Weirdness & Mutations

Your experience applies equally to all skills.
You have very sharp teeth.
Your uncanny sense of smell can sniff out nearby items.


Message History

You closely miss the frilled lizard. Your bite misses the frilled lizard.
The frilled lizard closely misses you.
The frilled lizard bites you but does no damage.
You hit the frilled lizard but do no damage.
The frilled lizard bites you but does no damage.
You sock the frilled lizard!
You kill the frilled lizard!
Your Conjurations skill increases to level 1!
Your Hexes skill increases to level 1!
Your Charms skill increases to level 1!
Your Summonings skill increases to level 1!
Your Necromancy skill increases to level 1!
Your Translocations skill increases to level 1!
Your Transmutations skill increases to level 1!
Your Fire Magic skill increases to level 1!
Your Ice Magic skill increases to level 1!
Your Air Magic skill increases to level 1!
Your Earth Magic skill increases to level 1!
Your Poison Magic skill increases to level 1!
Unknown command.
Are you sure you want to abandon this character and quit the game? (Confirm with "yes".)

##########.###.#
#........#.# #.#
#........#.###.#
#..........#...#
######'#######.#
..#.#.......# ####
#.#.#.#######
....###.#.#.#######
..........#.....@.#
......##.########.#
................
...
......###.#####.
#### ......# .##
......# ..#
......####.#
..#........###
#.#..........#


There were no monsters in sight!

Vanquished Creatures
  An adder (D:3)
  2 oozes
  2 worms (D:2)
  A dart slug (D:3)
  4 leopard geckos
  A ball python (D:3)
  4 bats
  4 giant cockroaches
  4 goblins
  9 hobgoblins
  7 jackals
  A quokka (D:2)
  5 frilled lizards
  8 kobolds (D:1)
  6 rats
  A plant (D:1)
60 creatures vanquished.

Notes
Turn   | Place    | Note
-------+----------+-------------------------------------------
     0 | D:1      | inc the Gnoll Fighter began the quest for the Orb.
     0 | D:1      | Reached XP level 1. HP: 23/23 MP: 1/1
   208 | D:1      | Reached XP level 2. HP: 16/29 MP: 2/2
   504 | D:1      | Reached XP level 3. HP: 34/35 MP: 3/3
   860 | D:2      | Reached skill level 1 in Invocations
  1107 | D:2      | Reached skill level 1 in Short Blades
  1107 | D:2      | Reached skill level 1 in Long Blades
  1107 | D:2      | Reached skill level 1 in Axes
  1107 | D:2      | Reached skill level 1 in Polearms
  1107 | D:2      | Reached skill level 1 in Staves
  1107 | D:2      | Reached skill level 1 in Slings
  1107 | D:2      | Reached skill level 1 in Bows
  1107 | D:2      | Reached skill level 1 in Crossbows
  1107 | D:2      | Reached skill level 1 in Throwing
  1107 | D:2      | Reached skill level 1 in Dodging
  1107 | D:2      | Reached skill level 1 in Stealth
  1107 | D:2      | Reached skill level 1 in Unarmed Combat
  1107 | D:2      | Reached skill level 1 in Spellcasting
  1107 | D:2      | Reached skill level 1 in Evocations
  1165 | D:2      | Reached XP level 4. HP: 41/41 MP: 5/5
  1286 | D:2      | Found a faded altar of an unknown god.
  1286 | D:2      | Found a shadowy altar of Dithmenos.
  1291 | D:2      | Found a hazy altar of Hepliaklqana.
  1293 | D:2      | Found a stormy altar of Qazlal.
  1294 | D:2      | Found a sparkling altar of Nemelex Xobeh.
  1823 | D:3      | Reached skill level 1 in Conjurations
  1823 | D:3      | Reached skill level 1 in Hexes
  1823 | D:3      | Reached skill level 1 in Charms
  1823 | D:3      | Reached skill level 1 in Summonings
  1823 | D:3      | Reached skill level 1 in Necromancy
  1823 | D:3      | Reached skill level 1 in Translocations
  1823 | D:3      | Reached skill level 1 in Transmutations
  1823 | D:3      | Reached skill level 1 in Fire Magic
  1823 | D:3      | Reached skill level 1 in Ice Magic
  1823 | D:3      | Reached skill level 1 in Air Magic
  1823 | D:3      | Reached skill level 1 in Earth Magic
  1823 | D:3      | Reached skill level 1 in Poison Magic
  1824 | D:3      | Quit the game

Skill      XL: |  1  2  3  4 |
---------------+-------------+-----
Invocations    | 1 |  1.3
Short Blades   | 1 |  1.2
Long Blades    | 1 |  1.2
Axes           | 1 |  1.2
Polearms       | 1 |  1.2
Staves         | 1 |  1.2
Slings         | 1 |  1.2
Bows           | 1 |  1.2
Crossbows      | 1 |  1.2
Throwing       | 1 |  1.2
Dodging        | 1 |  1.2
Stealth        | 1 |  1.2
Unarmed Combat | 1 |  1.2
Spellcasting   | 1 |  1.2
Evocations     | 1 |  1.2
Conjurations   | 1 |  1.0
Hexes          | 1 |  1.0
Charms         | 1 |  1.0
Summonings     | 1 |  1.0
Necromancy     | 1 |  1.0
Translocations | 1 |  1.0
Transmutations | 1 |  1.0
Fire Magic     | 1 |  1.0
Ice Magic      | 1 |  1.0
Air Magic      | 1 |  1.0
Earth Magic    | 1 |  1.0
Poison Magic   | 1 |  1.0
Fighting       | |  6.6
Maces & Flails | |  4.6
Armour         | |  6.6
Shields        | |  6.6

Action                   |  1- 3 |  4- 6 || total
-------------------------+-------+-------++-------
Melee: Flail             |   133 |    56 ||   189
       Bite              |     9 |     5 ||    14
  Eat: Chunk             |     1 |     2 ||     3
Armor: Scale mail        |    53 |    28 ||    81
Dodge: Dodged            |    35 |    18 ||    53
Block: Shield            |    73 |    40 ||   113
